[ AOE2 MATCH · #507070701 ]
UnrankedJapanese vs Berbers
Player's team · WIN
Rival team · LOSS
[ REPLAY ANALYSIS · EXTRACTED FROM THE RECORDED GAME ]
Feudal
8:52
Castle
—
Imperial
—
| APM avg | 56.7 |
| APM peak | 95 |
| eAPM avg | 19.0 |
| Villagers / military | 78 / 15 |
Focus
⚔️ 22.4% · 🌾 77.6%
Militia ×11 · Spearman ×4
Feudal
8:29
Castle
—
Imperial
—
| APM avg | 70.0 |
| APM peak | 106 |
| eAPM avg | 30.2 |
| Villagers / military | 41 / 7 |
Focus
⚔️ 61.5% · 🌾 38.5%
Skirmisher ×5 · Scout Cavalry ×2
Match map
Initial resources + every placement click. Lines = walls · curves = elevation contours. ◆ gold · ⬟ stone · ● berries · ✦ relic · ◌ wall gap
Your base· Open — unwalled flank
alesh's base· Open — unwalled flank
Smoothed initial terrain · ◌ = detected wall gap · hover for details
Inputs per minute
— 新竹 - - alesh
Build order — 新竹
147 actions detected in the replay
| 0:00 | Create | Villager (Male) |
| 0:01 | Create | Villager (Male) |
| 0:01 | Create | Villager (Male) |
| 0:02 | Build | House |
| 0:04 | Build | House |
| 0:13 | Create | Villager (Male) |
| 0:13 | Create | Villager (Male) |
| 1:26 | Create | Villager (Male) |
| 1:27 | Create | Villager (Male) |
| 2:07 | Create | Villager (Male) |
| 2:07 | Create | Villager (Male) |
| 2:18 | Create | Villager (Male) |
| 2:18 | Create | Villager (Male) |
| 2:19 | Create | Villager (Male) |
| 2:30 | Build | Lumber Camp |
| 2:48 | Create | Villager (Male) |
| 2:48 | Create | Villager (Male) |
| 2:48 | Create | Villager (Male) |
| 3:02 | Build | House |
| 3:17 | Create | Villager (Male) |
| 3:17 | Create | Villager (Male) |
| 3:17 | Create | Villager (Male) |
| 3:55 | Create | Villager (Male) |
| 3:55 | Create | Villager (Male) |
| 3:55 | Create | Villager (Male) |
| 3:55 | Create | Villager (Male) |
| 4:14 | Build | House |
| 4:39 | Create | Villager (Male) |
| 4:40 | Create | Villager (Male) |
| 5:04 | Create | Villager (Male) |
| 5:14 | Build | Mining Camp |
| 5:41 | Create | Villager (Male) |
| 5:42 | Research | Loom |
| 5:43 | Research | Loom |
| 5:54 | Build | Palisade Wall |
| 5:56 | Build | Palisade Wall |
| 6:42 | Research | Feudal Age |
| 6:42 | Research | Feudal Age |
| 7:17 | Build | House |
| 7:43 | Build | Barracks |
| 7:47 | Build | Mill |
| 8:28 | Create | Militia ×4 |
| 8:52 | Age | Feudal Age |
| 8:56 | Research | Man-at-Arms (upgrade) |
| 8:57 | Research | Man-at-Arms (upgrade) |
| 8:57 | Create | Villager (Male) |
| 8:57 | Create | Villager (Male) |
| 8:58 | Create | Villager (Male) |
| 9:11 | Build | Watch Tower |
| 9:21 | Create | Villager (Male) |
| 9:21 | Create | Villager (Male) |
| 9:43 | Build | Mining Camp |
| 10:15 | Build | House |
| 10:29 | Create | Spearman |
| 10:30 | Create | Spearman |
| 10:30 | Create | Spearman |
| 10:44 | Create | Villager (Male) |
| 10:44 | Create | Villager (Male) |
| 10:45 | Create | Villager (Male) |
| 10:53 | Build | Palisade Wall |
| 10:57 | Create | Villager (Male) |
| 10:57 | Create | Villager (Male) |
| 10:58 | Create | Villager (Male) |
| 11:10 | Build | Palisade Wall |
| 11:31 | Create | Villager (Male) |
| 11:31 | Create | Villager (Male) |
| 11:31 | Create | Villager (Male) |
| 11:33 | Build | Farm |
| 11:49 | Create | Spearman |
| 11:50 | Create | Villager (Male) |
| 11:50 | Create | Villager (Male) |
| 11:50 | Create | Villager (Male) |
| 12:14 | Create | Villager (Male) |
| 12:23 | Build | House |
| 12:47 | Build | Watch Tower |
| 12:52 | Create | Villager (Male) |
| 12:52 | Create | Villager (Male) |
| 12:53 | Build | Farm |
| 13:12 | Create | Militia |
| 13:29 | Build | Farm |
| 13:32 | Research | Double-Bit Axe |
| 13:33 | Research | Double-Bit Axe |
| 13:44 | Create | Villager (Male) |
| 13:44 | Create | Villager (Male) |
| 13:44 | Create | Villager (Male) |
| 13:49 | Build | Mill |
| 14:13 | Create | Villager (Male) |
| 14:14 | Create | Villager (Male) |
| 14:14 | Create | Villager (Male) |
| 14:37 | Build | Palisade Wall |
| 14:39 | Build | Palisade Wall |
| 14:45 | Create | Villager (Male) |
| 14:45 | Create | Villager (Male) |
| 14:46 | Create | Villager (Male) |
| 14:57 | Build | Palisade Wall |
| 15:07 | Build | Watch Tower |
| 15:11 | Create | Militia |
| 15:19 | Create | Villager (Male) |
| 15:20 | Create | Villager (Male) |
| 15:20 | Create | Villager (Male) |
| 15:22 | Build | Farm |
| 15:38 | Create | Villager (Male) |
| 15:38 | Create | Villager (Male) |
| 15:38 | Create | Villager (Male) |
| 15:42 | Build | Blacksmith |
| 16:01 | Create | Villager (Male) |
| 16:01 | Create | Villager (Male) |
| 16:12 | Create | Villager (Male) |
| 16:12 | Create | Villager (Male) |
| 16:13 | Build | House |
| 16:14 | Build | House |
| 16:23 | Build | Watch Tower |
| 16:28 | Create | Villager (Male) |
| 16:28 | Create | Villager (Male) |
| 16:29 | Create | Villager (Male) |
| 16:38 | Build | House |
| 16:40 | Build | House |
| 16:44 | Build | House |
| 16:55 | Research | Fletching |
| 16:55 | Research | Fletching |
| 17:11 | Build | Watch Tower |
| 17:16 | Create | Villager (Male) |
| 17:16 | Create | Villager (Male) |
| 17:17 | Build | Farm |
| 17:20 | Create | Villager (Male) |
| 17:20 | Create | Villager (Male) |
| 17:23 | Build | Lumber Camp |
| 17:51 | Build | Farm |
| 17:52 | Build | Farm |
| 18:04 | Research | Scale Mail Armor |
| 18:04 | Research | Scale Mail Armor |
| 18:16 | Build | Watch Tower |
| 18:26 | Create | Villager (Male) |
| 18:26 | Create | Villager (Male) |
| 18:26 | Create | Villager (Male) |
| 18:27 | Build | Farm |
| 18:29 | Build | Farm |
| 18:46 | Create | Militia |
| 18:46 | Create | Militia |
| 19:10 | Create | Militia |
| 19:10 | Create | Militia |
| 19:11 | Create | Militia |
| 19:39 | Create | Villager (Male) |
| 19:39 | Create | Villager (Male) |
| 19:39 | Create | Villager (Male) |
| 19:41 | Build | Farm |
| 19:42 | Build | Farm |
Build order — alesh
102 actions detected in the replay
| 0:00 | Create | Villager (Male) |
| 0:01 | Create | Villager (Male) |
| 0:01 | Create | Villager (Male) |
| 0:01 | Create | Villager (Male) |
| 0:01 | Create | Villager (Male) |
| 0:02 | Build | House |
| 0:04 | Build | House |
| 1:35 | Create | Villager (Male) |
| 1:35 | Create | Villager (Male) |
| 1:35 | Create | Villager (Male) |
| 1:57 | Create | Villager (Male) |
| 2:23 | Build | Lumber Camp |
| 2:31 | Create | Villager (Male) |
| 2:57 | Create | Villager (Male) |
| 3:07 | Create | Villager (Male) |
| 3:08 | Create | Villager (Male) |
| 3:15 | Build | House |
| 3:31 | Create | Villager (Male) |
| 3:37 | Create | Villager (Male) |
| 3:37 | Create | Villager (Male) |
| 3:37 | Create | Villager (Male) |
| 4:12 | Create | Villager (Male) |
| 4:35 | Create | Villager (Male) |
| 4:58 | Build | Mill |
| 5:04 | Create | Villager (Male) |
| 5:29 | Create | Villager (Male) |
| 5:37 | Research | Loom |
| 6:19 | Research | Feudal Age |
| 7:06 | Create | Villager (Male) |
| 7:47 | Build | House |
| 7:58 | Build | Barracks |
| 8:29 | Age | Feudal Age |
| 8:46 | Build | Stable |
| 8:56 | Create | Villager (Male) |
| 8:59 | Research | Double-Bit Axe |
| 9:11 | Build | Palisade Wall |
| 9:18 | Build | Palisade Wall |
| 9:20 | Create | Villager (Male) |
| 9:24 | Build | Mill |
| 9:27 | Create | Scout Cavalry |
| 9:30 | Build | House |
| 9:34 | Build | House |
| 9:37 | Create | Villager (Male) |
| 9:51 | Create | Villager (Male) |
| 9:56 | Build | Farm |
| 10:12 | Create | Villager (Male) |
| 10:15 | Build | Palisade Wall |
| 10:17 | Build | Palisade Wall |
| 10:28 | Create | Villager (Male) |
| 10:36 | Build | Palisade Wall |
| 10:49 | Create | Villager (Male) |
| 11:06 | Create | Villager (Male) |
| 11:09 | Build | Lumber Camp |
| 11:54 | Build | Palisade Wall |
| 11:57 | Create | Villager (Male) |
| 12:02 | Build | House |
| 12:20 | Build | Archery Range |
| 12:43 | Build | Farm |
| 12:44 | Build | Farm |
| 12:52 | Create | Scout Cavalry |
| 13:04 | Build | Watch Tower |
| 13:08 | Create | Villager (Male) |
| 13:10 | Create | Skirmisher |
| 13:10 | Create | Skirmisher |
| 13:10 | Create | Skirmisher |
| 13:13 | Build | Farm |
| 13:36 | Build | Mining Camp |
| 13:40 | Create | Villager (Male) |
| 13:53 | Create | Villager (Male) |
| 13:57 | Build | Farm |
| 14:13 | Build | Palisade Wall |
| 14:13 | Build | Palisade Wall |
| 14:14 | Build | Palisade Wall |
| 14:16 | Build | Palisade Wall |
| 14:22 | Create | Villager (Male) |
| 14:36 | Create | Villager (Male) |
| 14:43 | Build | Farm |
| 14:46 | Build | Farm |
| 14:48 | Build | Farm |
| 14:52 | Build | House |
| 14:54 | Build | Palisade Wall |
| 15:00 | Build | House |
| 15:01 | Create | Villager (Male) |
| 15:06 | Research | Town Watch |
| 15:12 | Create | Skirmisher |
| 15:21 | Build | Farm |
| 15:43 | Create | Villager (Male) |
| 16:07 | Build | Farm |
| 16:19 | Build | Mining Camp |
| 16:36 | Build | Mill |
| 16:50 | Build | Farm |
| 16:55 | Create | Villager (Male) |
| 16:56 | Create | Villager (Male) |
| 17:13 | Build | Market |
| 17:36 | Build | Palisade Gate |
| 17:47 | Build | Palisade Wall |
| 17:49 | Build | Palisade Wall |
| 17:55 | Build | Palisade Wall |
| 18:00 | Build | Palisade Wall |
| 18:05 | Create | Skirmisher |
| 18:50 | Build | Gate |
| 19:19 | Create | Villager (Male) |
Match timeline
| 5:54 | 新竹 · wall_segment Palisade Wall x1 |
| 5:56 | 新竹 · wall_segment Palisade Wall x1 |
| 7:43 | 新竹 · first_building Barracks |
| 7:58 | alesh · first_building Barracks |
| 8:29 | alesh · age_up feudal |
| 8:46 | alesh · first_building Stable |
| 8:52 | 新竹 · age_up feudal |
| 9:11 | alesh · wall_segment Palisade Wall x1 |
| 9:18 | alesh · wall_segment Palisade Wall x2 |
| 10:15 | alesh · wall_segment Palisade Wall x1 |
| 10:17 | alesh · wall_segment Palisade Wall x1 |
| 10:36 | alesh · wall_segment Palisade Wall x1 |
| 10:53 | 新竹 · wall_segment Palisade Wall x2 |
| 11:10 | 新竹 · wall_segment Palisade Wall x1 |
| 11:54 | alesh · wall_segment Palisade Wall x7 |
| 12:20 | alesh · first_building Archery Range |
| 14:13 | alesh · wall_segment Palisade Wall x1 |
| 14:13 | alesh · wall_segment Palisade Wall x1 |
| 14:14 | alesh · wall_segment Palisade Wall x1 |
| 14:16 | alesh · wall_segment Palisade Wall x1 |
| 14:37 | 新竹 · wall_segment Palisade Wall x1 |
| 14:39 | 新竹 · wall_segment Palisade Wall x3 |
| 14:54 | alesh · wall_segment Palisade Wall x9 |
| 14:57 | 新竹 · wall_segment Palisade Wall x3 |
| 17:47 | alesh · wall_segment Palisade Wall x1 |
| 17:49 | alesh · wall_segment Palisade Wall x1 |
| 17:55 | alesh · wall_segment Palisade Wall x1 |
| 18:00 | alesh · wall_segment Palisade Wall x1 |
| 19:43 | alesh · resign |
[ AI ANALYSIS · 1 CREDIT ]
What really happened in this match?
Wolo.gg analyzes every decision: build order, eco, micro, common mistakes by bracket. Personalized analysis on WhatsApp or Discord in 30 seconds.
Civ guide
Japanese
Perfil
Jugador #14547856